 Dungeon Crawl Stone Soup version 0.15.2 (console) character file.

217 Ge0ff the Vandal (level 6, -4/41 HPs)
             Began as a Halfling Gladiator on Dec 8, 2022.
             Slain by Miles554's ghost (12 damage)
             ... on Level 4 of the Dungeon.
             The game lasted 00:10:24 (3943 turns).

Ge0ff the Vandal (Halfling Gladiator)               Turns: 3943, Time: 00:10:24

HP  -4/41        AC 11     Str 17      XL: 6   Next: 16%
MP   6/6         EV 12     Int  7      God:
Gold 164         SH  0     Dex 15      Spells:  0 memorised,  5 levels left

rFire  . . .     SeeInvis .     a - +0 cutlass
rCold  . . .     Clarity  +     B - +0 chain mail
rNeg   . . .     rCorr    .     (no shield)
rPois  +         rRot     .     c - +0 helmet
rElec  .         Spirit   .     G - +1 cloak {rPois}
SustAb +         Warding  .     (no gloves)
rMut   .         Stasis   .     (no boots)
Gourm  .                        i - amulet of clarity
MR     .....                    S - ring of sustain abilities
                                D - +4 ring of evasion {=R}

@: not resistant to hostile enchantments, extremely unstealthy
A: mutation resistance 1
a: no special abilities


You were on level 4 of the Dungeon.
You were not hungry.

You visited 1 branch of the dungeon, and saw 4 of its levels.

You collected 164 gold pieces.

Inventory:

Hand weapons
 a - a +0 cutlass (weapon)
 b - a +0 hunting sling
Missiles
 d - 3 throwing nets
 g - 98 stones (quivered)
 j - 25 poisoned needles
 w - 16 sling bullets
Armour
 c - a +0 helmet (worn)
 u - a +0 leather armour
 B - a +0 chain mail (worn)
 G - a +1 cloak of poison resistance (worn)
Magical devices
 x - a wand of random effects (5)
 A - a wand of digging (0)
 T - a wand of magic darts (5)
 V - a wand of teleportation (5)
Comestibles
 f - 4 bread rations
 h - a meat ration
Scrolls
 U - a scroll of fear {unknown}
Jewellery
 i - an amulet of clarity (around neck)
 D - a +4 ring of evasion (left hand) {=R}
 S - a ring of sustain abilities (right hand)
Potions
 q - a potion of curing
 s - a potion of restore abilities {unknown}
 y - a potion of resistance {unknown}
 E - a potion of agility {unknown}
 W - a potion of heal wounds {!q}


   Skills:
 + Level 2.8 Fighting
 - Level 4.0 Short Blades
 * Level 4.4(5.0) Slings
 - Level 3.0(4.0) Throwing
 - Level 2.1 Armour
 - Level 4.0 Dodging
 - Level 2.0 Stealth


You had 5 spell levels left.
You didn't know any spells.

Dungeon Overview and Level Annotations

Branches:
Dungeon (4/15)
 Temple: D:4-7

Altars:
Xom

Annotations:
D:4 Miles554's ghost, average OgFi


Innate Abilities, Weirdness & Mutations

You are small and have problems with some larger weapons.
You are somewhat resistant to further mutation.


Message History

You shoot a stone. The stone hits Miles554's ghost.
Miles554's ghost is moderately damaged.
Miles554's ghost completely misses you.
Firing (i - inventory. (,) - cycle):
g - 99 stones (quivered)
Press: ? - help, Shift-Dir - straight line, f/p - Miles554's ghost
Aim: Miles554's ghost (moderately damaged)
You shoot a stone.
The stone barely misses Miles554's ghost.
Miles554's ghost hits you but does no damage.
a - a +0 cutlass (weapon)
Miles554's ghost hits you.
You hit Miles554's ghost.
Miles554's ghost is moderately damaged.
Miles554's ghost hits you!
You hit Miles554's ghost.
Miles554's ghost is moderately damaged.
Miles554's ghost hits you!
* * * LOW HITPOINT WARNING * * *
Miles554's ghost hits you!
You die...

..########'######'#....##'#.
....(.(.....................
.............((.......?....>
.............................
............#'##.............
#'####...#'##..'.............
+...+ '...#.....#+#...#
#...####'##.....# ..+
###(......W@.#+## #
#......(...# #..........#
+..........+ #..........#
##+###.....# +.....+ ##
##+#.....# .# #....#+###


You could see Miles554's ghost.

Vanquished Creatures
  Crazy Yiuf (D:2)
  An iguana (D:4)
  Terence (D:2)
  A giant mite (D:3)
  6 adders
  2 worms
  4 giant geckos
  An ooze (D:1)
  5 bats
  11 goblins
  7 hobgoblins
  8 jackals (D:2)
  8 kobolds
  A quokka (D:2)
  4 giant cockroaches
  A giant newt (D:1)
  An orc skeleton (D:4)
  8 rats
  4 butterflies (D:2)
75 creatures vanquished.

Notes
Turn   | Place    | Note
--------------------------------------------------------------
     0 | D:1      | Ge0ff, the Halfling Gladiator, began the quest for the Orb.
     0 | D:1      | Reached XP level 1. HP: 14/14 MP: 1/1
    91 | D:1      | Reached XP level 2. HP: 19/19 MP: 2/2
   137 | D:1      | Reached skill level 1 in Stealth
   599 | D:1      | Reached XP level 3. HP: 22/24 MP: 3/3
  1257 | D:2      | Reached skill level 1 in Armour
  1588 | D:2      | Reached XP level 4. HP: 26/29 MP: 4/4
  1609 | D:2      | Reached skill level 1 in Slings
  1816 | D:2      | Found a shimmering altar of Xom.
  2131 | D:2      | Noticed Terence
  2479 | D:2      | Killed Terence
  2541 | D:2      | Reached XP level 5. HP: 25/35 MP: 5/5
  2992 | D:2      | Noticed Crazy Yiuf
  3006 | D:2      | Killed Crazy Yiuf
  3718 | D:4      | Noticed Miles554's ghost (average OgFi)
  3735 | D:4      | Reached XP level 6. HP: 28/41 MP: 6/6
  3943 | D:4      | Slain by Miles554's ghost

Action                   |  1- 3 |  4- 6 || total
-------------------------+-------+-------++-------
Melee: Cutlass           |   106 |   223 ||   329
 Fire: Hunting sling     |       |    31 ||    31
Throw: Throwing net      |       |     1 ||     1
Evoke: Wand              |       |     9 ||     9
  Use: Scroll            |     5 |     4 ||     9
 Stab: Held in net/web   |       |     1 ||     1
       Sleeping          |       |     1 ||     1
  Eat: Chunk             |     2 |     6 ||     8
       Beef jerky        |       |     1 ||     1

Vault maps used:
D:1:      roderic_crossed_star
D:2:      xom_butterflies, uniq_terence, uniq_crazy_yiuf_cottage
D:3:      first_bread
D:4:      grunt_dithmenos_smoke
